AoeStats
← KaLong

Arena

507662478Analyzed
4v4 RM · 14d ago on Sep 19, 2026· 38m 8s· 8 players
Game mode
Random Map
Map size
Large (8 player)
Population
200
Speed
Normal
Resources
Standard
Victory
Conquest
Starting age
Dark Age
Ending age
Imperial Age
RankedLock teamsTeams togetherTeam positionsShared explorationLock speedFull tech treeHidden civsTurbo modeCheats
Victory
Defeat
🇨🇳 Poles · China
1480
+17
🇨🇳 Wu · China
1446
+18
🇮🇳 Persians · India
1443
+19
🇦🇺 Japanese · Australia
1361
+22
🇺🇸 Persians · United States
1554
-21
🇨🇳 Britons · China
1504
-19
🇺🇸 Turks · United States
1477
-18
🇺🇸 Poles · United States
1464
-18
[QHB] Tony
4:27 Loom
9:43 Feudal Age
12:37 Double-Bit Axe
15:00 Castle Age
12:51 Horse Collar
16:14 Bow Saw
20:06 Wheelbarrow
22:47 Heavy Plow
23:13 Gold Mining
23:26 Stone Mining
24:37 Town Watch
28:37 Imperial Age
26:26 Fletching
27:25 Ballistics
27:05 Bodkin Arrow
27:11 Crossbowman
28:07 Masonry
28:15 Padded Archer Armor
29:39 Bracer
31:40 Chemistry
30:55 Arbalester
BomBomB0
10:08 Feudal Age
13:32 Castle Age
11:56 Double-Bit Axe
12:25 Horse Collar
21:04 Wheelbarrow
21:59 Forging
24:06 Hand Cart
26:39 Bow Saw
26:29 Heavy Plow
26:54 Husbandry
27:02 Loom
31:21 Imperial Age
29:06 Bloodlines
29:02 Scale Barding Armor
29:33 Iron Casting
28:51 Gold Mining
28:52 Stone Mining
30:59 Cavalier
31:03 Heavy Camel Rider
32:20 Chain Barding Armor
33:12 Gold Shaft Mining
33:13 Stone Shaft Mining
33:39 Two-Man Saw
33:10 Crop Rotation
33:25 Ballistics
34:17 Plate Barding Armor
35:51 Cavalier
倉木華
11:26 Feudal Age
12:22 Double-Bit Axe
12:19 Horse Collar
15:27 Castle Age
13:36 Stone Mining
14:17 Loom
17:52 Heavy Plow
18:02 Bow Saw
22:27 Wheelbarrow
22:22 Gold Mining
24:29 Szlachta Privileges
24:32 Scale Barding Armor
25:04 Hand Cart
25:45 Forging
26:12 Stone Shaft Mining
25:56 Scale Mail Armor
29:47 Imperial Age
27:04 Town Watch
27:45 Husbandry
28:16 Bloodlines
29:12 Chain Barding Armor
29:58 Cavalier
32:23 Iron Casting
32:47 Conscription
34:39 Blast Furnace
36:12 Chain Mail Armor
35:59 Squires
KaLong
12:37 Feudal Age
16:15 Castle Age
14:31 Double-Bit Axe
14:29 Horse Collar
16:55 Loom
17:45 Wheelbarrow
17:33 Bow Saw
25:11 Padded Archer Armor
28:16 Hand Cart
28:08 Heavy Plow
32:15 Imperial Age
30:22 Leather Archer Armor
32:29 Sipahi
32:01 Fletching
32:55 Bodkin Arrow
33:31 Ring Archer Armor
32:31 Heavy Cavalry Archer
33:45 Parthian Tactics
34:26 Thumb Ring
33:42 Crossbowman
34:48 Crossbowman
36:59 Bloodlines
36:49 Husbandry
2067
11:28 Feudal Age
12:41 Double-Bit Axe
15:34 Castle Age
13:39 Horse Collar
15:04 Scale Mail Armor
15:10 Loom
15:44 Forging
15:28 Gold Mining
16:16 Town Watch
21:02 Wheelbarrow
20:46 Squires
33:08 Bow Saw
36:10 Imperial Age
33:46 Padded Archer Armor
34:06 Fletching
34:38 Ballistics
34:56 Leather Archer Armor
35:12 Hand Cart
34:55 Bodkin Arrow
35:22 Red Cliffs Tactics
36:24 Heavy Plow
37:14 Conscription
37:09 Bracer
38:16 Chemistry
37:56 Elite Fire Archer
arsenalchelsea2
11:17 Feudal Age
12:16 Horse Collar
12:32 Double-Bit Axe
15:08 Castle Age
15:50 Bow Saw
22:22 Loom
23:16 Wheelbarrow
23:06 Stone Mining
23:15 Gold Mining
29:06 Imperial Age
27:54 Stone Shaft Mining
27:41 Scale Barding Armor
28:23 Gold Shaft Mining
29:15 Hand Cart
28:46 Town Watch
29:44 Conscription
29:53 Chain Barding Armor
29:47 Bloodlines
29:39 Husbandry
31:00 Elite War Elephant
33:04 Plate Barding Armor
32:49 Heavy Plow
36:11 Forging
37:38 Iron Casting
37:36 Citadels
ResonanceFreq
10:21 Feudal Age
11:15 Double-Bit Axe
11:37 Horse Collar
13:59 Castle Age
15:18 Bow Saw
19:29 Loom
19:32 Town Watch
21:06 Wheelbarrow
22:10 Gold Mining
26:29 Imperial Age
24:49 Hand Cart
25:15 Fletching
25:32 Padded Archer Armor
25:35 Gold Mining
26:57 Gold Shaft Mining
26:14 Stone Mining
26:48 Ballistics
27:14 Bodkin Arrow
28:18 Bracer
29:23 Parthian Tactics
29:34 Leather Archer Armor
30:41 Chemistry
30:38 Bloodlines
30:29 Husbandry
30:51 Thumb Ring
31:48 Heavy Plow
32:49 Two-Man Saw
32:18 Heavy Cavalry Archer
33:41 Siege Engineers
35:56 Ring Archer Armor
35:46 Guard Tower
36:42 Kataparuto
36:42 Conscription
36:26 Yasama
37:04 Keep
36:14 Arrowslits
38:07 Masonry
enzoyin68
10:32 Feudal Age
11:18 Double-Bit Axe
14:05 Castle Age
12:53 Horse Collar
15:03 Heavy Plow
16:05 Bow Saw
21:37 Stone Mining
22:37 Wheelbarrow
22:59 Gold Mining
26:47 Imperial Age
24:25 Loom
25:10 Scale Barding Armor
25:39 Hand Cart
26:12 Chain Barding Armor
26:41 Szlachta Privileges
26:48 Forging
26:56 Husbandry
27:07 Bloodlines
26:54 Cavalier
27:12 Pikeman
28:48 Squires
29:25 Iron Casting
28:52 Scale Mail Armor
29:24 Conscription
29:34 Treadmill Crane
31:15 Blast Furnace
31:30 Caravan
32:02 Chain Mail Armor
31:16 Man-at-Arms
31:18 Light Cavalry
35:36 Plate Mail Armor
35:28 Lechitic Legacy
37:03 Coinage
Connection lost

Rejoining the realm…

Still unreachable

The connection could not be restored.

Session expired

The server has moved on; the page needs a fresh start.